 Dungeon Crawl Stone Soup version 0.18-a0-1507-g69458e0 (webtiles) character file.

404 GrosslyIncandescent the Insei (level 6, -4/48 HPs)
             Began as a Mummy Monk on Mar 5, 2016.
             Slain by a centaur (7 damage)
             ... on level 4 of the Dungeon.
             The game lasted 00:10:14 (24957 turns).

GrosslyIncandescent the Insei (Mummy Monk)         Turns: 24957, Time: 00:10:14

Health: -4/48      AC:  3    Str: 14    XL:     6   Next: 56%
Magic:  6/6        EV: 14    Int:  9    God:
Gold:   171        SH:  0    Dex: 17    Spells: 0 memorised, 5 levels left

rFire  x . .     SeeInvis .       - Unarmed
rCold  + . .     Gourm    .     a - +0 robe
rNeg   + + +     Faith    .     (no shield)
rPois  ∞         Spirit   .     (no helmet)
rElec  .         Dismiss  .     (no cloak)
rCorr  .         Reflect  .     e - +0 pair of gloves
SustAt .         Harm     .     (no boots)
MR     .....                    (no amulet)
Stlth  ++........               (no ring)
                                (no ring)

@: not resistant to hostile enchantments, unstealthy
A: no food or potions, fire vulnerability, cold resistance 1, negative energy
resistance 3, torment resistance, unbreathing
a: no special abilities


You were on level 4 of the Dungeon.
You were not hungry.

You visited 1 branch of the dungeon, and saw 4 of its levels.

You collected 171 gold pieces.


Innate Abilities, Weirdness & Mutations

You do not eat or drink.
Your flesh is vulnerable to fire.
You are immune to poison.
Your flesh is cold resistant.
You are immune to negative energy.
You are immune to unholy pain and torment.
You can survive without breathing.


   Skills:
 - Level 4.0 Fighting
 + Level 3.9 Dodging
 - Level 2.6 Stealth
 - Level 5.0 Unarmed Combat


You had 5 spell levels left.
You didn't know any spells.

Inventory:

Armour
 a - a +0 robe (worn)
 e - a +0 pair of gloves (worn)
 h - a +0 buckler
Scrolls
 b - a scroll of immolation {unknown}
 c - a scroll of random uselessness {unknown}
 d - 2 scrolls of remove curse
 f - 3 scrolls of identify {unknown}
 g - a scroll of teleportation {unknown}
 i - a scroll of blinking {unknown}
 j - a scroll of enchant armour {unknown}
 k - a scroll of recharging {unknown}
 l - a scroll of fog {unknown}

Dungeon Overview and Level Annotations

Branches:
Dungeon (4/15)
 Temple: D:4-7

Altars:
Okawaru
Zin

Annotations:
D:3 Grinder, Sigmund

▒.▒ ▒.▒
▒.▒▒.▒.......▒....▒ ▒.▒
........._......▒▒▒▒.▒.
.▒▒▒..▒.......▒.........
▒.▒ ▒▒.▒.......▒..▒▒▒▒.▒
.
.....▒▒.....▒▒.........
..
.c...▒▒▒▒.▒▒▒▒.▒▒▒▒▒.▒.
▒...........▒
▒▒▒▒▒▒▒c..▒.▒▒▒
▒....(M.....▒
▒▒▒▒▒▒▒▒..▒▒▒ ▒..▒ ▒.▒▒
▒▒▒


You could see a centaur.


Message History

You beat the centaur but do no damage!
The centaur hits you!
You squash the centaur like an ant!
The centaur is moderately wounded!
The centaur hits you!!! * * * don't die
* * * The centaur hits you!!! * * * don't die
* * * You completely miss the centaur!
The centaur is moderately wounded!
The centaur misses you!
You pummel the centaur like a punching bag!
The centaur is moderately wounded!
The centaur closely misses you!
You squash the centaur like an ant!
Your punch misses the centaur!
The centaur is heavily wounded!
The centaur hits you! * * * don't die
* * * The centaur hits you! * * * don't die
* * * You pulverise the centaur but do no damage!
The centaur is heavily wounded!
The centaur hits you! * * * don't die
* * * You barely miss the centaur!
The centaur is heavily wounded!
The centaur barely misses you!
You pummel the centaur but do no damage!
The centaur is heavily wounded!
The centaur hits you!!! rip

Action                   |  1- 3 |  4- 6 || total
-------------------------+-------+-------++-------
Melee: Unarmed           |   141 |   465 ||   606
  Use: Scroll            |       |     1 ||     1
 Stab: Sleeping          |     4 |     8 ||    12
       Distracted        |       |     3 ||     3

Vault maps used:
D:1:      lemuel_arrival_lava_pool
D:2:      first_bread, grunt_ministairs_9, kennysheep_doodads,
          okawaru_altar_gauntlet_db
D:3:      minmay_joined_circles, uniq_sigmund, uniq_grinder
D:4:      old_standard_altar

Notes
Turn   | Place    | Note
--------------------------------------------------------------
     0 | D:1      | GrosslyIncandescent the Mummy Monk began the quest for the Orb.
     0 | D:1      | Reached XP level 1. HP: 18/18 MP: 1/1
  5010 | D:1      | Reached XP level 2. HP: 24/24 MP: 2/2
  5366 | D:1      | Reached skill level 2 in Stealth
  5420 | D:1      | Reached XP level 3. HP: 29/29 MP: 3/3
  6231 | D:1      | Reached XP level 4. HP: 27/35 MP: 4/4
  6309 | D:2      | Reached skill level 3 in Dodging
 14044 | D:2      | Reached XP level 5. HP: 30/42 MP: 5/5
 14263 | D:2      | Reached skill level 4 in Unarmed Combat
 14538 | D:2      | Reached skill level 4 in Fighting
 14647 | D:2      | Found an iron altar of Okawaru.
 15609 | D:1      | Noticed a centaur warrior
 15662 | D:1      | Noticed a komodo dragon
 16048 | D:3      | Noticed Sigmund
 17034 | D:3      | Reached XP level 6. HP: 48/48 MP: 6/6
 17127 | D:3      | Reached skill level 5 in Unarmed Combat
 17492 | D:3      | Noticed Grinder
 17504 | D:3      | Paralysed by Grinder for 3 turns
 19266 | D:2      | Found an iron altar of Okawaru.
 19903 | D:2      | Found an iron altar of Okawaru.
 22364 | D:2      | Found an iron altar of Okawaru.
 24566 | D:2      | Found an iron altar of Okawaru.
 24881 | D:2      | Noticed an efreet
 24920 | D:4      | Found a glowing silver altar of Zin.
 24955 | D:4      | HP: 2/48 [centaur (6)]
 24957 | D:4      | Slain by a centaur

Vanquished Creatures
  A scorpion (D:1)
  A hound (D:3)
  13 adders
  A gnoll (D:2)
  An ooze (D:2)
  7 worms
  A dart slug (D:3)
  3 giant geckos
  19 orcs
  2 giant cockroaches
  19 goblins
  11 hobgoblins
  11 jackals
  19 kobolds
  4 quokkas
  4 ball pythons
  15 bats
  2 giant newts (D:1)
  18 rats
152 creatures vanquished.
